 Dungeon Crawl Stone Soup version 0.20.1-1-g8b1a95d (webtiles) character file.

8319 equalderp2856 the Cleaver (level 11, -4/95 HPs)
             Began as a Minotaur Fighter on Aug 2, 2017.
             Slain by Snorg (5 damage)
             ... on level 10 of the Dungeon.
             The game lasted 00:31:01 (11489 turns).

equalderp2856 the Cleaver (Minotaur Fighter)       Turns: 11489, Time: 00:31:03

Health: -4/95      AC: 14    Str: 22    XL:     11   Next: 8%
Magic:  10/10      EV:  9    Int:  5    God:
Gold:   643        SH: 12    Dex: 12    Spells: 10/10 levels left

rFire    + . .     SeeInvis .   R - +0 broad axe
rCold    . . .     Gourm    .   c - +0 shield
rNeg     . . .     Faith    .   w - +0 chain mail {rF+}
rPois    .         Spirit   .   (helmet restricted)
rElec    .         Reflect  .   l - +0 cloak {+Inv}
rCorr    .         Harm     .   (no gloves)
MR       .....                  (no boots)
Stlth    ..........             (no amulet)
Regen    0.3/turn               (no ring)
MPRegen  0.2/turn               (no ring)

@: no status effects
A: retaliatory headbutt, horns 2, iridescent scales 1, mutation resistance 1
a: Evoke Invisibility


You were on level 10 of the Dungeon.
You were hungry.

You visited 1 branch of the dungeon, and saw 10 of its levels.
You also visited: Ossuary.

You collected 643 gold pieces.

Inventory:

Hand Weapons
 a - a +0 war axe
 E - a +0 hunting sling
 G - a cursed -3 hand axe
 J - a +2 hand axe of chopping
 R - a +0 broad axe (weapon)
 S - a +0 hand crossbow
Missiles
 y - 27 bolts
 z - 207 stones (quivered)
Armour
 b - a +0 scale mail
 c - a +0 shield (worn)
 l - a +0 cloak of invisibility (worn)
 o - a +0 robe
 w - a +0 chain mail of fire resistance (worn)
 D - a +0 robe
 K - a +1 leather armour of fire resistance
 Q - a +0 leather armour of poison resistance
 U - the +0 leather armour of the Secret Suns {rF++ rC- Int+4, unknown}
   (You found it on level 5 of the Dungeon)

   It affects your intelligence (+4).
   It greatly protects you from fire.
   It makes you vulnerable to cold.
 Z - a +0 chain mail
Jewellery
 k - an uncursed ring of protection from cold {unknown}
 B - an uncursed amulet of rage
 M - an uncursed ring of wizardry {unknown}
 N - an uncursed ring of wizardry {unknown}
 V - an uncursed amulet of faith
Wands
 g - a wand of iceblast (11/15)
 p - a wand of random effects (17/48)
 q - a wand of disintegration (12/24)
 A - a wand of digging (2/24)
 T - a wand of acid (12/15)
Scrolls
 e - 2 scrolls of amnesia {unknown}
 h - 7 scrolls of identify
 i - a scroll of fog {unknown}
 j - 2 scrolls of teleportation {unknown}
 s - 2 scrolls of random uselessness {unknown}
 x - 2 scrolls of magic mapping {unknown}
 F - 5 scrolls of remove curse {unknown}
 H - 5 scrolls of enchant weapon {unknown}
 L - 2 scrolls of noise {unknown}
 P - a scroll of enchant armour {unknown}
 W - 3 scrolls of recharging {unknown}
 X - a scroll of fear {unknown}
Potions
 d - 2 potions of mutation
 m - 4 potions of curing
 r - 3 potions of lignification {unknown}
 t - a potion of agility {unknown}
 u - 9 potions of heal wounds
 C - 2 potions of haste {unknown}
 I - 2 potions of degeneration {unknown}
 O - a potion of resistance {unknown}
 Y - a potion of ambrosia {unknown}
Books
 v - a book of Frost

   Spells                             Type                      Level
   a - Freeze                         Ice                          1
   b - Throw Frost                    Conjuration/Ice              2
   c - Ozocubu's Armour               Charms/Ice                   3
   d - Throw Icicle                   Conjuration/Ice              4
   e - Summon Ice Beast               Ice/Summoning                4
Comestibles
 f - 9 bread rations
 n - 5 meat rations


   Skills:
 + Level 8.8 Fighting
 + Level 12.9 Axes
 + Level 9.3 Armour
 + Level 4.3 Dodging
 + Level 1.9 Stealth
 + Level 9.8 Shields


You had 10 spell levels left.
You didn't know any spells.

Dungeon Overview and Level Annotations

Branches:
Dungeon (10/15)            Temple (0/1) D:5
   Lair: D:8-11         Orc: D:9-12

Altars:
Ashenzari
Dithmenos
Fedhas
Hepliaklqana
Okawaru
Zin
The Shining One

Shops:
D:7 :

Annotations:
D:10 Snorg


Innate Abilities, Weirdness & Mutations

You reflexively headbutt those who attack you in melee.
You have a pair of horns on your head.
You are partially covered in iridescent scales. (AC +2)
You are somewhat resistant to further mutation.


Message History

You feel genetically stable.
Iridescent scales grow over part of your body.
You block Snorg's attack. Snorg claws you but does no damage. Snorg claws you!
Snorg barely misses you. You block Snorg's attack. x2
Okay, then.
You block Snorg's attack. x3
You block Snorg's attack. x2; Snorg claws you.
You block Snorg's attack. Snorg closely misses you. Snorg barely misses you.
Snorg bites you!! Snorg claws you! You block Snorg's attack.
You block Snorg's attack. Snorg closely misses you. Snorg barely misses you.
Snorg closely misses you. Snorg claws you but does no damage. x2
Snorg bites you but does no damage. You block Snorg's attack. Snorg claws you!
* * * LOW HITPOINT WARNING * * *
Snorg bites you!
* * * LOW HITPOINT WARNING * * *
You block Snorg's attack. Snorg closely misses you. You block Snorg's attack.
Snorg claws you!
* * * LOW HITPOINT WARNING * * *
Snorg claws you.
You die...

# ....#...#≈≈#...#.# #
...#.⌠.#..#.⌠.#..
##########
#.#...#..#...#..
[........#
#..###....###..#
########.#
#....t.........#
#####.#
##t###.#####.###
#.>.#.# #.# #.# #.#
##..÷..##########.###.#
#.#
#.............@Tt...).#
#.#
#.#.#############.#####
#.### ###.#.# #.# #(..[
......# #.#########.###
###.### #..............
#.# ############### #.#
#.# #.#


You could see Snorg (berserk) and a crocodile.

Vanquished Creatures
  4 two-headed ogres
  Nergalle (D:10)
  Maurice (D:9)
  A troll (D:10)
  A hornet (D:7)
  2 slime creatures
  A hippogriff (D:8)
  A wyvern (D:9)
  A steam dragon (D:9)
  3 orc warriors
  An ice beast (D:9)
  A black bear (D:8)
  An ogre (D:8)
  2 necrophages
  3 centaurs
  3 big kobolds (D:5)
  10 bullfrogs
  2 howler monkeys (D:4)
  8 crimson imps
  A centaur zombie (D:6)
  4 bullfrog zombies
  6 hounds
  A quasit (D:10)
  A centaur skeleton (D:5)
  7 orc wizards
  3 jellies (D:5)
  5 orc priests
  Jessica (D:3)
  2 iguanas
  8 worker ants
  A hound skeleton (D:7)
  8 mummies (Ossuary)
  2 gnolls
  A howler monkey skeleton (D:8)
  10 adders
  4 shadow imps
  7 oozes
  2 adder skeletons
  2 worms
  A dart slug (D:1)
  3 leopard geckos
  27 orcs
  5 bats
  4 giant cockroaches
  2 gnoll zombies (Ossuary)
  14 goblins
  8 hobgoblins
  2 jackals (D:1)
  5 quokkas
  2 ball pythons
  4 frilled lizards
  2 hobgoblin zombies (Ossuary)
  8 kobolds
  4 kobold zombies (Ossuary)
  A leopard gecko skeleton (D:5)
  3 rats
  2 rat zombies (D:7)
220 creatures vanquished.

Vanquished Creatures (others)
  3 fungi (D:5)
  8 toadstools (D:5)
11 creatures vanquished.

Grand Total: 231 creatures vanquished

Notes
Turn   | Place    | Note
-------+----------+-------------------------------------------
     0 | D:1      | equalderp2856 the Minotaur Fighter began the quest for the Orb.
     0 | D:1      | Reached XP level 1. HP: 19/19 MP: 0/0
   333 | D:1      | Reached XP level 2. HP: 16/27 MP: 1/1
   786 | D:1      | Reached XP level 3. HP: 31/33 MP: 2/2
  1322 | D:2      | Reached skill level 3 in Axes
  1486 | D:2      | Reached XP level 4. HP: 32/40 MP: 3/3
  2136 | D:3      | Noticed Jessica
  2147 | D:3      | Killed Jessica
  2433 | D:3      | Found a shattered altar of Ashenzari.
  2646 | D:3      | Found a faded altar of an unknown god.
  2698 | D:3      | Found a hazy altar of Hepliaklqana.
  2699 | D:3      | Found a glowing golden altar of the Shining One.
  2705 | D:3      | Reached XP level 5. HP: 44/46 MP: 4/4
  2707 | D:3      | Found a blossoming altar of Fedhas.
  2713 | D:3      | Found a glowing silver altar of Zin.
  3174 | D:4      | Reached skill level 4 in Axes
  3174 | D:4      | Reached skill level 1 in Dodging
  3514 | D:4      | Reached skill level 5 in Armour
  3550 | D:4      | Reached XP level 6. HP: 33/53 MP: 5/5
  3807 | D:4      | Reached skill level 5 in Shields
  4128 | D:4      | Reached skill level 5 in Axes
  4587 | D:5      | Entered Level 5 of the Dungeon
  4753 | D:5      | Reached XP level 7. HP: 60/60 MP: 6/6
  4847 | D:5      | Reached skill level 6 in Axes
  4847 | D:5      | Reached skill level 1 in Stealth
  5002 | D:5      | Noticed a slime creature
  5003 | D:5      | Noticed a slime creature
  5084 | D:4      | HP: 2/60 [slime creature (15)]
  5445 | D:4      | Killed a slime creature
  5445 | D:4      | Reached skill level 5 in Fighting
  5445 | D:4      | Reached skill level 7 in Axes
  5492 | D:4      | Reached XP level 8. HP: 49/68 MP: 7/7
  5737 | D:5      | Killed a slime creature
  5817 | D:5      | Reached skill level 8 in Axes
  5821 | D:5      | Paralysed by fainting for 12 turns
  6170 | D:5      | Found a staircase to the Ecumenical Temple.
  6463 | D:5      | Got a spiked leather armour
  6773 | D:6      | Reached skill level 9 in Axes
  7107 | D:6      | Reached XP level 9. HP: 69/75 MP: 8/8
  7522 | D:7      | Found a sand-covered staircase.
  7532 | Ossuary  | Entered an ossuary
  8461 | D:7      | Reached skill level 10 in Axes
  8497 | D:7      | Found Ucwumid's Book Shoppe.
  8643 | D:7      | Paralysed by a hornet for 3 turns
  8813 | D:7      | Found a shadowy altar of Dithmenos.
  9235 | D:8      | Noticed a two-headed ogre
  9242 | D:8      | Killed a two-headed ogre
  9242 | D:8      | Reached skill level 11 in Axes
  9242 | D:8      | Reached XP level 10. HP: 64/86 MP: 9/9
  9562 | D:8      | Noticed a two-headed ogre
  9579 | D:8      | Killed a two-headed ogre
  9993 | D:9      | Noticed a two-headed ogre
 10000 | D:9      | Killed a two-headed ogre
 10215 | D:9      | Found an iron altar of Okawaru.
 10224 | D:9      | Reached skill level 12 in Axes
 10742 | D:9      | Noticed Maurice
 10752 | D:9      | Killed Maurice
 11023 | D:10     | Entered Level 10 of the Dungeon
 11040 | D:10     | Noticed Nergalle
 11064 | D:10     | Killed Nergalle
 11363 | D:10     | Noticed a two-headed ogre
 11379 | D:10     | Killed a two-headed ogre
 11379 | D:10     | Reached XP level 11. HP: 74/95 MP: 10/10
 11469 | D:10     | Noticed Snorg
 11483 | D:10     | Gained mutation: You are somewhat resistant to further mutation. [potion of mutation]
 11483 | D:10     | Gained mutation: You are partially covered in iridescent scales. (AC +2) [potion of mutation]
 11489 | D:10     | HP: 1/95 [Snorg (17)]
 11489 | D:10     | Slain by Snorg

Skill      XL: |  1  2  3  4  5  6  7  8  9 10 |
---------------+-------------------------------+-----
Armour         | 4 5 6 7 8 9 |  9.3
Shields        | 4 5 6 7 8 9 |  9.8
Fighting       | 4 5 6 7 8 |  8.8
Axes           | 3 4 5 7 9 11 12 | 12.9
Dodging        | 2 3 4 |  4.3
Stealth        | 1 |  1.9

Action                   |  1- 3 |  4- 6 |  7- 9 | 10-12 || total
-------------------------+-------+-------+-------+-------++-------
Melee: War axe           |    63 |   145 |   268 |    12 ||   488
       Headbutt          |     8 |    23 |    71 |    37 ||   139
       Hand axe          |       |       |    41 |       ||    41
       Broad axe         |       |       |       |   137 ||   137
  Use: Scroll            |       |     1 |       |       ||     1
       Potion            |       |       |     5 |     1 ||     6
  Eat: Chunk             |     1 |    11 |     8 |     4 ||    24
       Royal jelly       |       |       |     1 |     1 ||     2
       Bread ration      |       |       |     1 |       ||     1
       Fruit             |       |       |       |     1 ||     1
Armor: Scale mail        |    36 |    59 |    52 |       ||   147
       Chain mail        |       |       |    26 |    57 ||    83
Dodge: Dodged            |    20 |    46 |    94 |    62 ||   222
Block: Shield            |    51 |    80 |   182 |   121 ||   434
